 Dungeon Crawl Stone Soup version 0.19.0-1-g5985abe (webtiles) character file.

149 tyranidshit the Skirmisher (level 5, -4/46 HPs)
             Began as a Demonspawn Abyssal Knight on Nov 2, 2016.
             Was a Priest of Lugonu.
             Slain by RudyRod's ghost (10 damage)
             ... in a sewer.
             The game lasted 00:05:27 (1769 turns).

tyranidshit the Skirmisher (DsAK)                   Turns: 1769, Time: 00:05:27

Health: -4/46      AC:  9    Str: 15    XL:     5   Next: 9%
Magic:  6/6        EV:  6    Int: 19    God:    Lugonu [***...]
Gold:   127        SH:  0    Dex: 12    Spells: 0 memorised, 4 levels left

rFire  . . .     SeeInvis .     d - +4 battleaxe of Spite {freeze, rElec Str+2 Int+5}
rCold  . . .     Gourm    .     e - +0 chain mail
rNeg   . . .     Faith    .     (shield currently unavailable)
rPois  .         Spirit   .     i - +0 helmet
rElec  +         Reflect  .     (no cloak)
rCorr  .         Harm     .     (no gloves)
MR     .....                    (no boots)
Stlth  ..........               (no amulet)
                                (no ring)
                                (no ring)

@: no status effects
A: hooves 1
a: Depart the Abyss, Bend Space, Banish, Renounce Religion


You were in a sewer.
You worshipped Lugonu.
Lugonu was most pleased with you.
You were not hungry.

You visited 1 branch of the dungeon, and saw 3 of its levels.
You visited the Abyss 1 time.
You also visited: Sewer.

You collected 127 gold pieces.

Inventory:

Hand Weapons
 d - the +4 battleaxe of Spite (weapon) {freeze, rElec Str+2 Int+5}
   (You found it on level 2 of the Abyss)

   It has been specially enchanted to freeze those struck by it, causing extra
   injury to most foes and up to half again as much damage against particularly
   susceptible opponents.
   It can also slow down cold-blooded creatures.
   It affects your strength (+2).
   It affects your intelligence (+5).
   It insulates you from electricity.
Armour
 e - a +0 chain mail (worn)
 i - a +0 helmet (worn)
Scrolls
 a - a scroll of teleportation
Comestibles
 c - 2 bread rations
 g - a meat ration
 h - a slice of pizza


   Skills:
 + Level 5.8 Fighting
 - Level 1.7 Axes
 - Level 1.7 Armour
 - Level 0.8 Dodging
 - Level 2.4 Invocations


You had 4 spell levels left.
You didn't know any spells.

Dungeon Overview and Level Annotations

Branches:
Dungeon (3/15)

Altars:
Ashenzari
Fedhas
Sif Muna

Annotations:
Sewer RudyRod's ghost, amateur DsFi


Innate Abilities, Weirdness & Mutations

You have large cloven feet.


Message History

Your kick misses RudyRod's ghost.
RudyRod's ghost is severely damaged.
You slash the ooze! You freeze the ooze.
You kill the ooze!
Lugonu accepts your kill. RudyRod's ghost barely misses you.
RudyRod's ghost hits you but does no damage.
Your unstable footing causes you to fumble your attack.
RudyRod's ghost hits you.
* * * LOW HITPOINT WARNING * * *
Unknown command.
You hit RudyRod's ghost. You freeze RudyRod's ghost.
RudyRod's ghost is almost destroyed.
RudyRod's ghost hits you!
* * * LOW HITPOINT WARNING * * *
RudyRod's ghost barely misses you.
Unknown command.
Your unstable footing causes you to fumble your attack.
RudyRod's ghost hits you!
You die...

S≈. ≈≈≈# ≈≈≈.# # #≈≈.#
## #≈≈≈≈# .### ###≈≈≈≈#
.÷≈#### ####≈≈≈≈≈#
≈≈...≈#########≈.†≈s≈≈##
##≈.≈≈≈≈≈..≈≈≈≈≈@W.####
####.≈≈.≈≈≈.≈≈.####
#############


You could see RudyRod's ghost and a giant cockroach.

Vanquished Creatures
  3 adders (Sewer)
  2 river rats (D:3)
  4 oozes (Sewer)
  3 dart slugs
  3 leopard geckos
  8 ball pythons
  7 giant cockroaches
  6 goblins
  3 hobgoblins (D:2)
  6 jackals (D:1)
  6 kobolds
  A quokka (D:2)
  9 bats
  10 frilled lizards
  10 rats
81 creatures vanquished.

Vanquished Creatures (others)
  4 toadstools (D:1)
4 creatures vanquished.

Grand Total: 85 creatures vanquished

Notes
Turn   | Place    | Note
-------+----------+-------------------------------------------
     0 | Abyss:1  | tyranidshit the Demonspawn Abyssal Knight began the quest for the Orb.
     0 | Abyss:1  | Reached XP level 1. HP: 18/18 MP: 2/2
    19 | Abyss:2  | Got an ancient battleaxe
    20 | Abyss:2  | Identified the +4 battleaxe of Spite {freeze, rElec Str+2 Int+5} (You found it on level 2 of the Abyss)
    70 | Abyss:3  | Noticed a tentacled starspawn
    70 | D:1      | Escaped the Abyss
   140 | D:1      | Reached * piety under Lugonu
   148 | D:1      | Gained mutation: You have large cloven feet. [demonic ancestry]
   148 | D:1      | Reached XP level 2. HP: 20/24 MP: 3/3
   283 | D:1      | Reached skill level 4 in Fighting
   406 | D:1      | Reached XP level 3. HP: 28/30 MP: 4/4
   441 | D:1      | Reached ** piety under Lugonu
  1185 | D:2      | Found a deep blue altar of Sif Muna.
  1199 | D:2      | Found a shattered altar of Ashenzari.
  1201 | D:2      | Found a blossoming altar of Fedhas.
  1288 | D:3      | Found a glowing drain.
  1294 | D:3      | Reached XP level 4. HP: 22/38 MP: 5/5
  1294 | D:3      | Reached skill level 5 in Fighting
  1314 | Sewer    | Entered a sewer
  1374 | Sewer    | Reached *** piety under Lugonu
  1411 | Sewer    | Noticed RudyRod's ghost (amateur DsFi)
  1710 | Sewer    | Reached XP level 5. HP: 39/46 MP: 6/6
  1769 | Sewer    | Slain by RudyRod's ghost

Skill      XL: |  1  2  3  4 |
---------------+-------------+-----
Fighting       | 4 5 |  5.8
Axes           | |  1.7
Armour         | |  1.7
Dodging        | |  0.8
Invocations    | |  2.4

Action                   |  1- 3 |  4- 6 || total
-------------------------+-------+-------++-------
Melee: Battleaxe         |   103 |    75 ||   178
       Kick              |    10 |     8 ||    18
Invok: Depart the Abyss  |     1 |       ||     1
  Use: Potion            |     2 |     3 ||     5
       Scroll            |     4 |     1 ||     5
  Eat: Bread ration      |     1 |       ||     1
Armor: Leather armour    |     7 |       ||     7
       Chain mail        |    75 |    96 ||   171
Dodge: Dodged            |    71 |    44 ||   115
